 Dungeon Crawl Stone Soup version 0.28-a0-1143-gcf6077d4cc (webtiles) character file.

Game seed: 9285536300579255809

151 ytrimaz the Covered (level 5, 0/42 HPs)
             Began as a Formicid Fighter on Dec 13, 2021.
             Slain by a gnoll (5 damage)
             ... on level 3 of the Dungeon.
             The game lasted 00:01:42 (2227 turns).

ytrimaz the Covered (Formicid Fighter)              Turns: 2227, Time: 00:01:43

Health: 0/42       AC:  7    Str: 22    XL:     5   Next: 60%
Magic:  5/5        EV:  9    Int:  8    God:
Gold:   85         SH:  4    Dex: 10    Spells: 4/4 levels left

rFire   . . .      SeeInvis +   a - +0 war axe
rCold   + . .      Faith    .   c - +0 buckler
rNeg    . . .      Spirit   .   b - +0 scale mail
rPois   .          Reflect  .   (helmet unavailable)
rElec   .          Harm     .   (no cloak)
rCorr   .          Rampage  .   (no gloves)
Will    .....                   (no boots)
Stlth   ..........              (no amulet)
HPRegen 0.14/turn               d - ring of protection from cold
MPRegen 0.09/turn               (no ring)

@: no status effects
A: permanent stasis, dig shafts and tunnels, antennae 3, four strong arms
a: Dig, Shaft Self


You were on level 3 of the Dungeon.
You visited 1 branch of the dungeon, and saw 3 of its levels.

You collected 85 gold pieces.

Inventory:

Hand Weapons
 a - a +0 war axe (weapon)
Armour
 b - a +0 scale mail (worn)
 c - a +0 buckler (worn)
Jewellery
 d - a ring of protection from cold (left hand)
Scrolls
 f - 2 scrolls of identify
Potions
 e - a potion of cancellation


   Skills:
 * Level 4.1 Fighting
 + Level 3.1 Axes
 * Level 4.5 Armour
 * Level 4.5 Shields


You had 4 spell levels left.
You didn't know any spells.
Your spell library was empty.

Dungeon Overview and Level Annotations

Branches:
Dungeon (3/15)

Altars:


Innate Abilities, Weirdness & Mutations

You cannot be hasted, slowed, berserked, paralysed or teleported.
You can dig through walls and to a lower floor.
You have a pair of large antennae on your head. (SInv)
Your four strong arms can wield two-handed weapons with a shield.


Message History

Unknown command.
You sense a monster nearby. 2 gnolls come into view.
The gnoll shouts! x2; You hear a shout!
A gnoll comes into view. It is wielding a +0 halberd.
There are monsters nearby!
There are monsters nearby!
The gnoll closely misses you.
You hit the gnoll.
The gnoll is lightly wounded.
You block the gnoll's attack. The gnoll hits you with a +0 halberd!
You hit the gnoll.
The gnoll is heavily wounded.
The gnoll hits you but does no damage. The gnoll hits you with a +0 halberd!
The gnoll completely misses you.
You hit the gnoll but do no damage.
The gnoll is heavily wounded.
The gnoll hits you but does no damage.
The gnoll hits you from afar with a +0 halberd.
The gnoll closely misses you.
You slash the gnoll!
You kill the gnoll!
The gnoll hits you but does no damage.
Unknown command.
The gnoll barely misses you. The gnoll closely misses you.
Things that are here:
a +0 halberd; a gnoll corpse You closely miss the gnoll.
The gnoll closely misses you. The gnoll barely misses you.
The gnoll hits you with a +0 halberd!
* * * LOW HITPOINT WARNING * * *
Unknown command.
You hit the gnoll but do no damage.
The gnoll hits you from afar with a +0 halberd.
* * * LOW HITPOINT WARNING * * *
You block the gnoll's attack. x2
Unknown command.
You slash the gnoll!
You kill the gnoll!
The gnoll hits you from afar with a +0 halberd.
You die...

#.#######
#.g)@...#
#######.#{
#####.# {
##.....# {
#..#####
######..#
#.......#
#.####..#
#..# {


You could see a gnoll.

Vanquished Creatures
  A bullfrog (D:3)
  6 gnolls
  An orc (D:2)
  2 ball pythons
  3 bats (D:2)
  6 endoplasms
  A giant cockroach (D:2)
  3 goblins (D:1)
  5 hobgoblins
  3 kobolds
  2 quokkas (D:2)
  2 frilled lizards
  4 rats
39 creatures vanquished.

Vanquished Creatures (others)
  2 plants (D:3)
2 creatures vanquished.

Grand Total: 41 creatures vanquished

Notes
Turn   | Place    | Note
-------+----------+-------------------------------------------
     0 | D:1      | ytrimaz the Formicid Fighter began the quest for the Orb.
     0 | D:1      | Reached XP level 1. HP: 18/18 MP: 1/1
   286 | D:1      | Reached XP level 2. HP: 24/24 MP: 2/2
  1080 | D:2      | Reached XP level 3. HP: 30/30 MP: 3/3
  1726 | D:2      | Reached XP level 4. HP: 30/37 MP: 4/4
  1906 | D:3      | Noticed a bullfrog
  1917 | D:3      | Killed a bullfrog
  1918 | D:3      | Reached XP level 5. HP: 25/42 MP: 5/5
  2227 | D:3      | Slain by a gnoll

Illustrated notes

Levels and vault maps discovered:
D:1:      dpeg_arrival_round_c, layout_loops_ring, minmay_misc_feat_roman
D:2:      layout_loops_cross, minmay_large_rounded_square
D:3:      layout_loops_ring, gammafunk_ghost_smash,
          ebering_ecumenical_altar_petrified, serial_bayou_pond_a,
          chequers_serial_rivers_small_b

Skill      XL: |  1  2  3  4 |
---------------+-------------+-----
Shields        | 4 |  4.5
Armour         | 4 |  4.5
Fighting       | 4 |  4.1
Axes           | 3 |  3.1

Action                   |  1- 3 |  4- 6 || total
-------------------------+-------+-------++-------
Melee: War axe           |    97 |    46 ||   143
  Use: Scroll            |     3 |       ||     3
       Potion            |     1 |       ||     1
Armor: Scale mail        |    79 |    19 ||    98
Dodge: Dodged            |    64 |    24 ||    88
Block: Buckler           |    33 |    12 ||    45

Table legend: (Time is in decaauts)
 A = Elapsed time spent in this place.
 B = Non-inter-level travel time spent in this place.
 C = Inter-level travel time spent in this place.
 D = Time resting spent in this place.
 E = Time spent auto-exploring this place.
 F = Levels seen in this place.
 G = Mean time per level.
                   A        B        C        D        E       F      G
               +--------+--------+--------+--------+--------+-----+--------+
         Total |   2281 |   2231 |     50 |      0 |   1816 |   3 |  760.3 |
       Dungeon |   2281 |   2231 |     50 |      0 |   1816 |   3 |  760.3 |
               +--------+--------+--------+--------+--------+-----+--------+

Top non-repeatable levels by time:
     D:1: 1006 daAuts
     D:2: 921 daAuts
     D:3: 354 daAuts
